AoeStats
← The1AndOnlyKarl

Black Forest

504756664Analyzed
1v1 RM · 27d ago on Sep 6, 2026· 64m 42s· 2 players
Game mode
Random Map
Map size
Tiny (2 player)
Population
200
Speed
Normal
Resources
Standard
Victory
Conquest
Starting age
Dark Age
Ending age
Imperial Age
RankedLock teamsTeams togetherTeam positionsShared explorationLock speedFull tech treeHidden civsTurbo modeCheats
Victory
Defeat
🇩🇪 Khmer · Germany
881
+16
🇵🇱 Maya · Poland
871
-16
Piotrek•
3:51 Loom
4:19 Loom
10:45 Feudal Age
13:52 Gold Mining
13:55 Stone Mining
14:15 Double-Bit Axe
16:00 Horse Collar
21:30 Castle Age
20:51 Scale Mail Armor
22:47 Bow Saw
23:54 Wheelbarrow
23:32 Heavy Plow
24:22 Fletching
24:40 Heavy Plow
24:58 Forging
25:33 Stone Shaft Mining
25:12 Squires
24:33 Pikeman
25:22 Padded Archer Armor
28:10 Treadmill Crane
29:00 Town Watch
29:58 Ballistics
29:37 Bodkin Arrow
30:12 Elite Skirmisher
31:41 Masonry
32:33 Hand Cart
33:01 Thumb Ring
37:32 Imperial Age
35:25 Leather Archer Armor
35:49 Town Patrol
36:30 Iron Casting
37:03 Chain Mail Armor
36:59 Eagle Warrior
39:12 Crop Rotation
39:44 Two-Man Saw
38:54 Bracer
40:04 Chemistry
38:48 Elite Plumed Archer
40:43 Architecture
41:17 Blast Furnace
40:48 Plate Mail Armor
41:46 Holcans
41:54 Hoardings
42:05 Ring Archer Armor
43:07 Conscription
42:50 Hul'che Javelineers
43:17 Halberdier
43:20 Elite Eagle Warrior
44:40 Onager
44:44 Crossbowman
47:14 Murder Holes
47:50 Fervor
47:57 Block Printing
48:22 Theocracy
The1AndOnlyKarl
0:58 Loom
13:44 Feudal Age
17:49 Castle Age
16:25 Double-Bit Axe
16:22 Horse Collar
20:14 Heavy Plow
21:05 Bow Saw
22:09 Wheelbarrow
24:46 Hand Cart
30:12 Fortified Wall
32:51 Imperial Age
30:08 Town Watch
31:21 Gold Mining
31:24 Stone Mining
33:51 Ballistics
34:33 Chemistry
33:38 Siege Engineers
33:43 Scale Barding Armor
33:49 Forging
33:30 Fletching
34:40 Stone Shaft Mining
34:41 Gold Shaft Mining
34:43 Crop Rotation
34:39 Town Patrol
36:58 Chain Barding Armor
37:13 Iron Casting
36:34 Bodkin Arrow
37:08 Murder Holes
37:24 Masonry
37:39 Conscription
36:40 Elite Ballista Elephant
38:18 Double Crossbow
39:46 Architecture
39:54 Plate Barding Armor
40:20 Blast Furnace
39:34 Bloodlines
39:25 Husbandry
38:46 Light Cavalry
41:32 Hoardings
41:24 Bracer
41:29 Devotion
43:12 Hussar
52:47 Faith
Connection lost

Rejoining the realm…

Still unreachable

The connection could not be restored.

Session expired

The server has moved on; the page needs a fresh start.